 Dungeon Crawl Stone Soup version 0.25-a0-310-g60f0ac2d9a (webtiles) character file.

Game seed: 14654644664042777261, levelgen mode: classic

452 Borgoz the Slasher (level 7, -1/63 HPs)
             Began as a Gargoyle Berserker on Dec 24, 2019.
             Was a Priest of Trog.
             Slain by an ogre
             ... wielding a +0 giant club
              (18 damage)
             ... on level 4 of the Dungeon.
             The game lasted 00:03:18 (2160 turns).

Borgoz the Slasher (Gargoyle Berserker)             Turns: 2160, Time: 00:03:19

Health: -1/63      AC: 16    Str: 26    XL:     7   Next: 5%
Magic:  7/7        EV:  8    Int:  7    God:    Trog [***...]
Gold:   134        SH:  0    Dex: 11    Spells: 6/6 levels left

rFire    . . .     SeeInvis .   a - +0 falchion
rCold    . . .     Gourm    .   (no shield)
rNeg     + . .     Faith    .   o - +0 plate armour
rPois    ∞         Spirit   .   (no helmet)
rElec    +         Reflect  .   (no cloak)
rCorr    .         Harm     .   (no gloves)
MR       .....                  (no boots)
Stlth    ..........             (no amulet)
HPRegen  0.20/turn              (no ring)
MPRegen  0.10/turn              (no ring)

@: berserking, very quick
A: negative energy resistance 1, electricity resistance, unbreathing,
petrification resistance, rot immunity, AC +4
a: Berserk, Trog's Hand, Renounce Religion


You were on level 4 of the Dungeon.
You worshipped Trog.
Trog was most pleased with you.
You were hungry.

You visited 1 branch of the dungeon, and saw 4 of its levels.

You collected 134 gold pieces.

Inventory:

Hand Weapons
 a - a +0 falchion (weapon)
Armour
 l - the +1 leather armour "Leczafih" {rCorr}
   (You found it on level 4 of the Dungeon)

   It provides partial protection from all sources of acid and corrosion.
 o - a +0 plate armour (worn)
Scrolls
 e - a scroll of noise {unknown}
 f - a scroll of enchant armour {unknown}
 i - 2 scrolls of remove curse {unknown}
 j - 2 scrolls of identify {unknown}
 m - 3 scrolls of teleportation {unknown}
Potions
 b - 2 potions of cancellation {unknown}
 g - 2 potions of degeneration {unknown}
 h - a potion of might {unknown}
 k - a potion of flight {unknown}
 n - a potion of curing {unknown}
Comestibles
 c - 6 rations
 d - 7 chunks of flesh


   Skills:
 + Level 3.8 Fighting
 * Level 4.6 Long Blades
 + Level 4.5 Armour
 * Level 3.6 Dodging


You had 6 spell levels left.
You didn't know any spells.
Your spell library was empty.

Dungeon Overview and Level Annotations

Branches:
Dungeon (4/15)
 Temple: D:4-7

Altars:
Gozag
Hepliaklqana
Sif Muna


Innate Abilities, Weirdness & Mutations

You are resistant to torment.
Your stone body is resilient. (AC +4)
You are immune to poison.
You resist negative energy. (rN+)
You are resistant to electric shocks. (rElec)
You can survive without breathing.
You are immune to petrification.
You are immune to rotting.


Message History

There is a stone staircase leading down here.
An ogre comes into view. It is wielding a +0 giant club.
The ogre shouts!
The ogre hits you with a +0 giant club!
Found a dagger.
Your plate armour prevents you from hitting the ogre.
You hit the ogre.
The ogre is moderately wounded.
The ogre hits you with a +0 giant club!!
Ouch! That really hurt!
* * * LOW HITPOINT WARNING * * *
You are too injured to fight recklessly!
A red film seems to cover your vision as you go berserk!
You feel yourself moving faster!
You feel mighty!
You are feeling hungry.
The ogre hits you but does no damage.
You closely miss the ogre.
The ogre is moderately wounded.
The ogre hits you with a +0 giant club!!
You die...

.....
####>###..# ....
#(........#
###.##.##.###.##
#.###.......#
......##.#### .
#......#
##.##!.....#
...........#
#####..@...#
#..O...#
......#.##
#........#.#
#.......# #..
........# #.#
#.......# ##
#...)....


You could see an ogre.

Vanquished Creatures
  Duvessa (D:4)
  An ice beast (D:3)
  Blork the orc (D:4)
  Dowan (D:4)
  3 gnolls
  2 adders (D:3)
  2 oozes
  A worm (D:3)
  3 dart slugs
  4 leopard geckos
  An orc (D:3)
  3 giant cockroaches
  9 goblins
  11 hobgoblins
  10 kobolds
  2 quokkas (D:3)
  9 bats
  4 frilled lizards
  9 rats
77 creatures vanquished.

Notes
Turn   | Place    | Note
-------+----------+-------------------------------------------
     0 | D:1      | Borgoz the Gargoyle Berserker began the quest for the Orb.
     0 | D:1      | Reached XP level 1. HP: 14/14 MP: 1/1
   171 | D:1      | Reached XP level 2. HP: 17/19 MP: 2/2
   413 | D:1      | Reached ** piety under Trog
   413 | D:1      | Reached XP level 3. HP: 21/23 MP: 3/3
   642 | D:2      | Found an opulent altar of Gozag.
  1038 | D:2      | Reached XP level 4. HP: 27/28 MP: 4/4
  1348 | D:3      | Reached *** piety under Trog
  1503 | D:3      | Noticed an ice beast
  1517 | D:3      | Killed an ice beast
  1517 | D:3      | Reached XP level 5. HP: 24/32 MP: 5/5
  1890 | D:3      | Found a hazy altar of Hepliaklqana.
  1904 | D:3      | Found an opulent altar of Gozag.
  1905 | D:3      | Found a shimmering blue altar of Sif Muna.
  2017 | D:4      | Noticed Blork the orc
  2023 | D:4      | Noticed Duvessa
  2024 | D:4      | Killed Blork the orc
  2024 | D:4      | Reached XP level 6. HP: 37/37 MP: 6/6
  2027 | D:4      | Noticed Dowan
  2032 | D:4      | Killed Duvessa
  2045 | D:4      | Killed Dowan
  2045 | D:4      | Reached XP level 7. HP: 41/42 MP: 7/7
  2126 | D:4      | Got an emerald-encrusted leather armour
  2137 | D:4      | Identified the +1 leather armour "Leczafih" {rCorr} (You
                  | found it on level 4 of the Dungeon)
  2160 | D:4      | Slain by an ogre

Levels and vault maps discovered:
D:1:      mrwooster_arrival_statue, layout_rooms
D:2:      layout_basic, nicolae_gozag_seed_capital
D:3:      layout_rooms, minitemple, grunt_ministairs_7, patterned_corridor
D:4:      layout_loops_cross, uniq_grinder, uniq_blork_the_orc, uniq_duvessa

Skill      XL: |  1  2  3  4  5 |
---------------+----------------+-----
Long Blades    | 3 4 |  4.6
Dodging        | 2 3 |  3.6
Armour         | 3 4 |  4.5
Fighting       | |  3.8

Action                   |  1- 3 |  4- 6 |  7- 9 || total
-------------------------+-------+-------+-------++-------
Melee: Falchion          |   145 |   137 |    13 ||   295
Invok: Berserk           |       |     3 |     1 ||     4
       Trog's Hand       |       |     1 |       ||     1
  Eat: Chunk             |     1 |     5 |     2 ||     8
Armor: Chain mail        |   138 |    86 |       ||   224
       Animal skin       |     1 |       |       ||     1
       Plate armour      |       |    16 |     8 ||    24
Dodge: Dodged            |    83 |    77 |    13 ||   173
       Rpst.: Falchion   |    20 |    20 |     3 ||    43

Table legend:
 A = Non-vault XP
 B = Vault XP
 C = Vault XP percentage of total XP
 D = Non-vault monster count
 E = Vault monster count
 F = Vault count percentage of total count
                 A         B        C        D         E       F
            +---------+---------+-------+---------+---------+-------
      Total |     319 |     328 |  50.7 |      72 |       5 |   6.5
            +---------+---------+-------+---------+---------+-------
        D:1 |      39 |       0 |   0.0 |      24 |       0 |   0.0
        D:2 |      46 |       0 |   0.0 |      22 |       0 |   0.0
        D:3 |     219 |      14 |   6.0 |      24 |       2 |   7.7
        D:4 |      15 |     314 |  95.4 |       2 |       3 |  60.0
            +---------+---------+-------+---------+---------+-------
